Description

Transcription of Harstem's sentry opening in PvT. Macro build with good scouting.

VOD

https://www.youtube.com/watch?v=HDThrlXX7NQ

Build Order

Get SALT Encoding   

  14  0:18  Pylon  
  16  0:38  Gateway  
  17  0:48  Assimilator (Chrono Boost)  Chrono Probes
  20  1:27  Cybernetics Core  
  20  1:37  Nexus  
  20  1:46  Pylon  
  21  1:50  Assimilator  
  22  2:04  Adept (Chrono Boost)  
  24  2:06  Warp Gate  
  25  2:26  Sentry (Chrono Boost)  
  30  2:42  Twilight Council  
  32  2:56  Stalker  
  34  3:00  Gateway  
  38  3:19  Blink  
  38  3:25  Pylon  
  41  3:32  Phoenix  Hallucinated Scout - check starport unit
  44  3:44  Pylon  
  46  3:58  Nexus  
  46  4:00  Stalker  
  48  4:04  Stalker  
  51  4:11  Pylon  
  52  4:18   Gateway  
  52  4:24   Stalker x2  
  57  4:27  Assimilator  
  59  4:40  Forge  
  59  4:45  Pylon  
  59  4:46  Stalker  
  63  5:07  Charge  
  64  5:12  Robotics Facility  
  70  5:30  Protoss Ground Armor Level 1  
  73  5:38  Gateway x2  
  76  5:49  Zealot x3  
  83  5:53  Gateway x3  
  81  6:03  Warp Prism  Pick up Zealots when done and harass. Note: Only noting important timings here after. Make gateway army as required.
  93  6:29  Immortal  
  115  7:27  Protoss Ground Armor Level 2  
  115  7:28  Assimilator x2  
  115  7:32  Robotics Bay  
  116  7:35  Robotics Facility  
  138  8:26  Colossus x2  
  151  8:29  Extended Thermal Lance (Chrono Boost)  
  151  8:37  Nexus  
  152  9:55  Disruptor x2  
Spawning Tool Build Advisor. Get it on Overwolf

Analysis

Note: You probably don't want to do this on maps where you can't reaper wall!

Full build up to 6 minutes. Then only important buildings and timings for robo units.

Summary:

  • Core Expand
  • Adept-> Sentry-> Stalker from gate
  • Blink
  • Scout with Sentry
  • ~4min 3rd Nexus off 2 Gates
  • Get to 3 Gate +Robo with charge and forge for armor
  • Go up to 8 Gates
  • Warp prism for zealot harass
  • Immortal + Robo Bay + 2nd Robo facility +2 armor
  • 2 Collosi with Thermal Lance
  • ~8:30 4th Nexus
  • 2 Disruptors

For better analysis and scouting info check out the VOD: https://www.youtube.com/watch?v=HDThrlXX7NQ

Also for a wider array of options with the initial opening, check out this variation of the Sentry opener used by Showtime vs Heromarine (analysis from Harstem): https://www.youtube.com/watch?v=RzSAFYa7MDQ

Go to:

Details

  • Created by: Wee_AL
  • Published on: Nov 19, 2020
  • Modified on: Nov 19, 2020
  • Patch: 4.11.0
  • Difficulty: Medium
Show
View Real Time Build Order
Export as new Build Order

Comments (0)

There are no comments. Be the first!

Create an account to comment!